Map: 紅粉不夜城

Players

大歐派蘿莉 - Winner!

  • Race: Terran Terran
  • League: Diamond
  • Spawn Location: 1:00

WhiteBalance

  • Race: Protoss Protoss
  • League: Diamond
  • Spawn Location: 7:00

VOD

Have the link to the VOD?

Description

Time

  • Played on: May 4, 2018, 8:58 a.m.
  • Length: 6:32
Show
View Real Time Build Order
Export as new Build Order

大歐派蘿莉 Terran - Winner!

Build Orders: Cyclone Opening 

Get SALT Encoding   

  12  0:01  SCV  
  13  0:13  SCV  
  14  0:18  Supply Depot  
  14  0:25  SCV  
  15  0:39  SCV  
  15  0:40  Barracks  
  16  0:45  Refinery  
  16  0:51  SCV  
  17  0:59  Refinery  
  17  1:04  SCV  
  18  1:15  Supply Depot  
  18  1:16  SCV  
  19  1:28  Orbital Command  
  19  1:29  Barracks Reactor  
  19  1:48  Factory  
  19  1:54  SCV  
  20  2:05  Marine x2  
  20  2:06  SCV  
  23  2:10  Supply Depot  
  23  2:18  SCV  
  24  2:22  Marine  
  24  2:23  Marine  
  26  2:30  SCV  
  26  2:34  Supply Depot  
  27  2:48  Marine  
  28  2:52  Cyclone x2  
  34  3:05  Supply Depot  
  34  3:06  Marine  
  35  3:24  Cyclone x2, Marine  
  42  3:29  Supply Depot  
  42  3:49  Marine  
  42  3:52  Supply Depot  
  43  3:56  Cyclone x2  
  49  4:07  Marine  
  50  4:16  Supply Depot  
  50  4:25  Marine  
  50  4:28  Cyclone  
  54  4:33  Cyclone  
  54  4:35  SCV  
  58  4:43  Marine  
  59  4:47  SCV  
  60  4:59  SCV  
  61  5:00  Cyclone, Marine  
  61  5:05  Cyclone  
  68  5:12  SCV  
  66  5:18  Marine  
  51  5:32  Cyclone  
  51  5:36  Marine  
  51  5:43  Cyclone  
  54  5:54  Marine  
  52  6:12  Marine  
Show
View Real Time Build Order
Export as new Build Order

WhiteBalance Protoss 

Build Orders: 1 Gate Expand 

Get SALT Encoding   

  12  0:00  Probe  
  13  0:12  Probe  
  14  0:19  Pylon  
  14  0:24  Probe  
  15  0:35  Probe  
  15  0:39  Gateway  
  16  0:43  Probe  
  16  0:48  Assimilator  
  17  0:52  Probe  
  19  1:04  Probe  
  19  1:16  Probe  
  20  1:19  Zealot  
  20  1:24  Nexus  
  20  1:32  Cybernetics Core  
  22  1:36  Probe  
  22  1:38  Pylon  
  22  1:39  Assimilator  
  23  1:59  Stalker  
  23  2:01  Gateway  
  23  2:02  Probe  
  24  2:10  Warp Gate  
  24  2:14  Probe  
  27  2:31  Stalker  
  27  2:35  Robotics Facility  
  29  2:41  Pylon  
  30  2:44  Probe  
  30  2:50  Shield Battery  
  30  2:59  Stalker  
  30  3:03  Stalker  
  34  3:10  Shield Battery  
  34  3:24  Pylon, Shield Battery  
  34  3:30  Immortal  
  38  3:51  Pylon  
  38  4:09  Immortal  
  41  4:17  Shield Battery  
  41  4:23  Twilight Council  
  41  4:27  Robotics Bay  
  41  4:35  Stalker  
  43  4:44  Zealot  
  45  4:48  Observer  
  46  5:05  Stalker x2  
  36  5:31  Stalker x2  
  41  6:02  Stalker  
  41  6:03  Stalker  
Tags
 
Add a new tag
Caveats
  • Supply blocks, unpowered buildings, or Contaminate may cause inaccurate times.
  • Supply counts are checked every 10 seconds.